 Dungeon Crawl Stone Soup version 0.19.0-19-g8c6edcc (webtiles) character file.

33 asthiss the Cudgeler (level 3, -6/36 HPs)
             Began as a Troll Berserker on Nov 12, 2016.
             Was a Follower of Trog.
             Killed from afar by Sigmund (9 damage)
             ... with a magic dart
             ... on level 2 of the Dungeon.
             The game lasted 00:04:36 (872 turns).

asthiss the Cudgeler (Troll Berserker)               Turns: 872, Time: 00:04:36

Health: -6/36      AC:  5    Str: 26    XL:     3   Next: 12%
Magic:  2/2        EV: 10    Int:  3    God:    Trog [*.....]
Gold:   33         SH:  0    Dex:  9    Spells: 0 memorised, 2 levels left

rFire  . . .     SeeInvis .     a - +0 mace
rCold  . . .     Gourm    +     b - +0 animal skin
rNeg   . . .     Faith    .     (no shield)
rPois  .         Spirit   .     (helmet restricted)
rElec  .         Reflect  .     (no cloak)
rCorr  .         Harm     .     (gloves unavailable)
MR     .....                    (boots unavailable)
Stlth  +.........               (no amulet)
                                (no ring)
                                (no ring)

@: no status effects
A: unfitting armour, claws 3, fast metabolism 3, gourmand, regeneration 1,
shaggy fur 1, tough skin 2
a: Berserk, Burn Spellbooks, Renounce Religion


You were on level 2 of the Dungeon.
You worshipped Trog.
Trog was aware of your devotion.
You were not hungry.

You visited 1 branch of the dungeon, and saw 2 of its levels.

You collected 33 gold pieces.

Inventory:

Hand Weapons
 a - a +0 mace (weapon)
Armour
 b - a +0 animal skin (worn)
 g - a cursed +0 pair of gloves
Scrolls
 f - a scroll of remove curse
Potions
 e - a potion of curing
Comestibles
 c - 3 bread rations
 d - 2 meat rations


   Skills:
 + Level 2.7 Fighting
 + Level 3.1 Maces & Flails
 + Level 2.8 Dodging


You had 2 spell levels left.
You didn't know any spells.

Dungeon Overview and Level Annotations

Branches:
Dungeon (2/15)

Altars:

Annotations:
D:2 Sigmund


Innate Abilities, Weirdness & Mutations

You are too large for most types of armour.
You have claws for hands.
Your metabolism is lightning-fast.
You like to eat raw meat.
Your natural rate of healing is unusually fast.
You are covered in fur. (AC +1)
You have very tough skin. (AC +2)


Message History

The bat barely misses you.
You closely miss the bat. The bat closely misses you. Something hits you.
The bat closely misses you. Something hits you. The bat closely misses you.
Something hits you.
You hit something. The bat hits you but does no damage.
Something hits you but does no damage.
You barely miss something. The bat hits you but does no damage.
You barely miss something. The bat barely misses you. Something hits you!
You closely miss something. The bat barely misses you.
The bat hits you but does no damage. Something hits you!
You hit something but do no damage. The bat closely misses you.
The bat hits you but does no damage. Something hits you but does no damage.
You miss something. The bat closely misses you. Something hits you!
* * * LOW HITPOINT WARNING * * *
You barely miss something. The bat hits you but does no damage.
The bat barely misses you.
You hear some strange, mumbled words.
A magic dart appears from out of thin air!
The magic dart hits you!
You die...

.. .##....#
.##......##
........##
#####...##..#
##.......$...
##............
#.............
#.............
#....@b.......
#....{........
#.............
##............
##.....%....#
#####..#####
..# .##


You could see a bat.

Vanquished Creatures
  2 oozes
  A dart slug (D:1)
  3 giant cockroaches
  2 goblins (D:1)
  5 hobgoblins (D:1)
  2 bats (D:1)
  A frilled lizard (D:1)
  3 kobolds
  3 rats
22 creatures vanquished.

Notes
Turn   | Place    | Note
-------+----------+-------------------------------------------
     0 | D:1      | asthiss the Troll Berserker began the quest for the Orb.
     0 | D:1      | Reached XP level 1. HP: 22/22 MP: 0/0
   132 | D:1      | Reached skill level 3 in Maces & Flails
   132 | D:1      | Reached XP level 2. HP: 21/29 MP: 1/1
   662 | D:2      | Reached XP level 3. HP: 33/36 MP: 2/2
   859 | D:2      | Noticed Sigmund
   872 | D:2      | Killed from afar by Sigmund

Skill      XL: |  1 |
---------------+----+-----
Maces & Flails | 3 |  3.1
Fighting       | |  2.7
Dodging        | |  2.8

Action                   || total
-------------------------++-------
Melee: Mace              ||    80
  Use: Scroll            ||     6
       Potion            ||     3
  Eat: Chunk             ||     8
Armor: Animal skin       ||    50
Dodge: Dodged            ||    63
